 Dungeon Crawl Stone Soup version 0.24-b1 (webtiles) character file.

Game seed: 1494973342617927184, levelgen mode: deterministic

420 Arixos the Charmwright (level 6, -9/32 HPs)
             Began as a Vine Stalker Skald on Oct 13, 2019.
             Killed by divine providence
             ... invoked by an orc priest
              (14 damage)
             ... on level 4 of the Dungeon.
             The game lasted 00:10:39 (3258 turns).

Arixos the Charmwright (Vine Stalker Skald)         Turns: 3258, Time: 00:10:40

Health: -9/32      AC:  4    Str: 13    XL:     6   Next: 94%
Magic:  0/11       EV: 12    Int: 13    God:
Gold:   207        SH:  0    Dex: 16    Spells: 3/11 levels left

rFire    . . .     SeeInvis .   a - +0 falchion
rCold    . . .     Gourm    .   (no shield)
rNeg     . . .     Faith    .   b - +0 leather armour
rPois    .         Spirit   +   k - +0 helmet
rElec    .         Reflect  .   (no cloak)
rCorr    .         Harm     .   (no gloves)
MR       .....                  (no boots)
Stlth    ++........             (no amulet)
HPRegen  1.50/turn              (no ring)
MPRegen  0.12/turn              (no ring)

@: singing, regenerating (expiring)
A: fangs 2, regeneration 1, magic shield, antimagic bite, no potion heal 3, rot
immunity
a: no special abilities


You were on level 4 of the Dungeon.
You were hungry.

You visited 1 branch of the dungeon, and saw 4 of its levels.

You collected 207 gold pieces.

Inventory:

Hand Weapons
 a - a +0 falchion (weapon)
Armour
 b - a +0 leather armour (worn)
 k - a +0 helmet (worn)
Jewellery
 t - a +3 ring of strength {unknown}
Wands
 q - a wand of iceblast (11)
Scrolls
 c - a scroll of blinking {unknown}
 e - a scroll of enchant armour {unknown}
 f - a scroll of teleportation {unknown}
 i - a scroll of fear {unknown}
 j - a scroll of magic mapping {unknown}
 n - 2 scrolls of immolation {unknown}
 p - a scroll of remove curse {unknown}
 s - 2 scrolls of fog {unknown}
 u - a scroll of identify {unknown}
Potions
 g - 2 potions of heal wounds
 h - 2 potions of might {unknown}
 l - 2 potions of agility
 m - a potion of curing {unknown}
 r - 2 potions of brilliance {unknown}
Comestibles
 d - 5 rations
 o - 3 chunks of flesh


   Skills:
 + Level 2.6 Fighting
 + Level 2.5 Long Blades
 + Level 2.0 Armour
 + Level 2.4 Dodging
 + Level 2.5 Stealth
 + Level 3.2 Spellcasting
 + Level 3.7 Charms
 + Level 2.1 Necromancy
 + Level 1.6 Translocations


You had 3 spell levels left.
You knew the following spells:

 Your Spells              Type           Power        Failure   Level  Hunger
a - Song of Slaying       Chrm           ##......     10%         2    ##.....
b - Infusion              Chrm           ##..         6%          1    #......
r - Regeneration          Chrm/Necr      #.........   26%         3    ###....
s - Shroud of Golubria    Chrm/Tloc      #.....       14%         2    ##.....

Your spell library contained the following spells:

 Spells                   Type           Power        Failure   Level  Hunger
 Spectral Weapon          Hex/Chrm       #.......     36%         3    ###....


Dungeon Overview and Level Annotations

Branches:
Dungeon (4/15)
 Temple: D:4-7

Altars:

Annotations:
D:2 1 runed translucent door, Crazy Yiuf


Innate Abilities, Weirdness & Mutations

You have extremely sharp teeth.
Your natural rate of healing is unusually fast.
When hurt, damage is shared between your health and your magic reserves.
Your bite disrupts and absorbs the magic of your enemies.
Potions cannot restore your health.
You are immune to rotting.


Message History

The orc priest is lightly wounded.
Your skin is crawling a little less now.
The orc priest mumbles some strange prayers to Beogh against you.
Beogh smites you!
* * * LOW HITPOINT WARNING * * *
The orc misses you.
You barely miss the orc priest.
The orc priest is lightly wounded.
The orc priest hits you with a +1 dagger of flaming.
* * * LOW HITPOINT WARNING * * *
The orc priest burns you.
* * * LOW HITPOINT WARNING * * *
The orc closely misses you.
The orc priest hits you but does no damage.
You hit the orc priest. Your bite misses the orc priest.
The orc priest is moderately wounded.
The orc closely misses you.
The orc priest invokes the aid of Beogh against you.
Beogh smites you!
You die...

#.......#
###.......###
...........
#.......#
#.......#
#...a...# #o#
#o#########
#o@......<#
#########.#
#... #..§.§
#...§§§§
###.§§§§ #.§.
#...


You could see a worker ant, an orc priest and 2 orcs.

Vanquished Creatures
  A bullfrog (D:3)
  An orc wizard (D:3)
  An orc priest (D:3)
  An iguana (D:3)
  Ijyb (D:3)
  Natasha (thrice) (D:3)
  Robin (D:2)
  5 adders
  An ooze (D:2)
  2 worms (D:2)
  2 dart slugs (D:3)
  3 leopard geckos
  4 orcs
  11 bats
  A giant cockroach (D:1)
  17 goblins
  13 hobgoblins
  7 jackals
  7 kobolds
  3 quokkas
  7 frilled lizards
  8 rats
100 creatures vanquished.

Notes
Turn   | Place    | Note
-------+----------+-------------------------------------------
     0 | D:1      | Arixos the Vine Stalker Skald began the quest for the Orb.
     0 | D:1      | Reached XP level 1. HP: 11/11 MP: 4/4
    78 | D:1      | Reached XP level 2. HP: 12/15 MP: 4/6
    81 | D:1      | Reached skill level 1 in Armour
    94 | D:1      | Learned a level 2 spell: Shroud of Golubria
   242 | D:1      | Reached XP level 3. HP: 12/18 MP: 7/7
   247 | D:1      | Learned a level 3 spell: Regeneration
   279 | D:1      | Reached skill level 1 in Stealth
  1043 | D:2      | Noticed Robin
  1082 | D:2      | Gained mutation: Your natural rate of healing is unusually
                  | fast. [Vine Stalker growth]
  1082 | D:2      | Reached XP level 4. HP: 23/23 MP: 1/8
  1083 | D:2      | Killed Robin
  1090 | D:2      | Reached skill level 1 in Necromancy
  1482 | D:2      | Found a runed translucent door.
  1483 | D:2      | Noticed Crazy Yiuf
  1634 | D:2      | Reached XP level 5. HP: 16/26 MP: 7/10
  2147 | D:3      | Reached skill level 1 in Translocations
  2216 | D:3      | Learned a level 2 spell: Song of Slaying
  2332 | D:3      | Noticed Ijyb
  2375 | D:3      | Killed Ijyb
  2375 | D:3      | Reached XP level 6. HP: 29/32 MP: 11/11
  2808 | D:3      | Noticed Natasha
  2835 | D:3      | Killed Natasha
  3051 | D:3      | Noticed Natasha
  3063 | D:3      | Killed Natasha
  3201 | D:3      | Noticed Natasha
  3221 | D:3      | Killed Natasha
  3258 | D:4      | Killed from afar by an orc priest

Skill      XL: |  1  2  3  4  5  6 |
---------------+-------------------+-----
Armour         | 1 2 |  2.0
Fighting       | 2 |  2.6
Stealth        | 1 2 |  2.5
Long Blades    | 2 |  2.5
Necromancy     | 1 2 |  2.1
Dodging        | 2 |  2.4
Translocations | 1 |  1.6
Spellcasting   | 3 |  3.2
Charms         | |  3.7

Action                   |  1- 3 |  4- 6 || total
-------------------------+-------+-------++-------
Melee: Falchion          |   128 |   230 ||   358
       Bite              |    30 |    71 ||   101
 Cast: Shroud of Golubri |     6 |    23 ||    29
       Regeneration      |     2 |     7 ||     9
       Infusion          |       |     1 ||     1
       Song of Slaying   |       |     1 ||     1
 Stab: Sleeping          |     4 |     3 ||     7
  Eat: Chunk             |     1 |    10 ||    11
Armor: Leather armour    |    36 |    60 ||    96
Dodge: Dodged            |   108 |   151 ||   259
       Rpst.: Falchion   |    28 |    52 ||    80
